 Dungeon Crawl Stone Soup version 0.27-a0-650-g8dd3ea4f36 (webtiles) character file.

Game seed: 3552226313432000286

528485 lunkers the Warrior (level 25, -5/224 HPs)
             Began as a Gnoll Air Elementalist on Mar 1, 2021.
             Was the Champion of Ashenzari.
             Slain by a black draconian
             ... wielding a +4 scimitar
              (13 damage)
             ... on level 5 of the Depths on Mar 15, 2021.
             The game lasted 03:43:19 (71121 turns).

lunkers the Warrior (Gnoll Air Elementalist)       Turns: 71121, Time: 03:43:19

Health: -5/224     AC: 17    Str:  8    XL:     25   Next: 55%
Magic:  20/62      EV: 29    Int: 24    God:    Ashenzari [******]
Gold:   4437       SH:  0    Dex: 20    Spells: 10/67 levels left

rFire    + + +     SeeInvis +   O - staff of air (curse) {Alch, Elem}
rCold    + . .     Faith    .   w - +2 kite shield "Shackled Trepidation" {rF+, Elem, Fort} (curse)
rNeg     + . .     Spirit   .   Z - +2 robe "At What Cost Knowledge?" {rC+ rF+, Cun, Bglg} (curse)
rPois    .         Reflect  .   r - +2 helmet of the Ensconced Prison {Elem, Range} (curse)
rElec    +         Harm     .   a - +0 cloak "Disgust of the Welkin" {Comp, Fort} (curse)
rCorr    .         Rampage  .   i - +2 pair of gloves "Sibylline Trepidation" {Dex+3, Cun, Evo} (curse)
Will     +....     Clarity  +   e - +0 pair of boots of Supernal Understanding {Comp, Self} (curse)
Stlth    +++.......             q - amulet of the Prophetic Oracle {RegenMP, Self, Cun} (curse)
HPRegen  0.47/turn              S - ring "Oracular Burden" {rF+ rN+ MP+9 Dex+2 SInv, Self, Comp} (curse)
MPRegen  0.63/turn              G - ring of Ashenzari's Adversity {MP+9, Evo, Elem} (curse)

@: confused, ambrosia-drunk, very slightly contaminated, slowed, studying 2
skills, very slow
A: fangs 1, strong nose, distributed training, low mp 1
}: 3/15 runes: serpentine, barnacled, silver
a: Renounce Religion, Shatter the Chains


You were on level 5 of the Depths.
You worshipped Ashenzari.
Ashenzari was exalted by your worship.
You visited 9 branches of the dungeon, and saw 43 of its levels.
You visited 2 bazaars.
You also visited: Sewer.

You collected 6977 gold pieces.
You spent 2540 gold pieces at shops.

Inventory:

Hand Weapons
 b - the +9 scimitar of Bile {pain, *Drain rElec Str+4}
   (You found it on level 4 of the Vaults)

   In the hands of one skilled in necromantic magic, it inflicts extra damage on
   living creatures.
   It affects your strength (+4).
   It insulates you from electricity.
   It causes draining when unequipped.
Armour
 a - the cursed +0 cloak "Disgust of the Welkin" (worn) {Comp, Fort}
   (You took it off Maurice on level 1 of the Orcish Mines)

   It has a curse placed upon it.
 e - the cursed +0 pair of boots of Supernal Understanding (worn) {Comp, Self}
   (You found it on level 2 of the Snake Pit)

   It has a curse placed upon it.
 i - the cursed +2 pair of gloves "Sibylline Trepidation" (worn) {Dex+3, Cun, Evo}
   (You acquired it on level 3 of the Snake Pit)

   It has a curse placed upon it.
 r - the cursed +2 helmet of the Ensconced Prison (worn) {Elem, Range}
   (You found it on level 11 of the Dungeon)

   It has a curse placed upon it.
 w - the cursed +2 kite shield "Shackled Trepidation" (worn) {rF+, Elem, Fort}
   (You bought it in a shop on level 2 of the Orcish Mines)

   It has a curse placed upon it.
 U - the +6 ring mail of Ythro {*Contam Will++ Regen+}
   (You found it on level 5 of the Vaults)

   It affects your willpower, your defense against some magical effects.
   It causes magical contamination when unequipped.
   It increases your rate of regeneration.
 Z - the cursed +2 robe "At What Cost Knowledge?" (worn) {rC+ rF+, Cun, Bglg}
   (You took it off an orc sorcerer on level 2 of the Orcish Mines)

   It has a curse placed upon it.
Magical Staves
 O - a cursed staff of air (weapon) {Alch, Elem}
Jewellery
 q - the cursed amulet of the Prophetic Oracle (around neck) {RegenMP, Self, Cun}
   (You found it on level 6 of the Dungeon)

   [amulet of magic regeneration]

   It increases your magic regeneration.
   It has a curse placed upon it.
 s - a +6 ring of dexterity
 F - a +6 ring of dexterity
 G - the cursed ring of Ashenzari's Adversity (left hand) {MP+9, Evo, Elem}
   (You found it on level 2 of the Depths)

   [ring of magical power]

   It affects your magic capacity (+9).
   It has a curse placed upon it.
 R - a ring of poison resistance
 S - the cursed ring "Oracular Burden" (right hand) {rF+ rN+ MP+9 Dex+2 SInv, Self, Comp}
   (You bought it in a shop on level 2 of the Orcish Mines)

   [ring of magical power]

   It affects your dexterity (+2).
   It protects you from fire.
   It protects you from negative energy.
   It affects your magic capacity (+9).
   It lets you see invisible.
   It has a curse placed upon it.
 Y - a +6 ring of intelligence
Wands
 v - a wand of digging (11)
 x - a wand of acid (34)
 z - a wand of flame (107)
 I - a wand of polymorph (51)
 L - a wand of iceblast (87)
 N - a wand of paralysis (18)
 P - a wand of mindburst (51)
 T - a wand of charming (21)
Scrolls
 d - 6 scrolls of enchant armour
 f - 9 scrolls of teleportation
 g - 12 scrolls of magic mapping
 l - 6 scrolls of amnesia
 m - 10 scrolls of blinking
 p - 7 scrolls of enchant weapon
 u - 11 scrolls of fog
 y - a scroll of silence
 C - 2 scrolls of summoning
 E - 8 scrolls of fear
 J - a scroll of holy word
Potions
 c - 13 potions of brilliance
 j - 9 potions of heal wounds
 k - 13 potions of flight
 n - 2 potions of ambrosia
 o - 5 potions of attraction
 t - 4 potions of cancellation
 A - 3 potions of might
 B - 14 potions of curing
 D - 2 potions of resistance
 H - 4 potions of magic
 M - 2 potions of berserk rage
 Q - 3 potions of invisibility
 X - 2 potions of haste
Miscellaneous
 h - a box of beasts
 K - a condenser vane
 V - a phantom mirror
 W - a tin of tremorstones (2/2)


   Skills:
 + Level 19.4(24.2) Fighting
 + Level 16.3 Short Blades
 + Level 16.3 Long Blades
 + Level 16.3 Axes
 + Level 16.3 Maces & Flails
 + Level 16.3 Polearms
 + Level 16.3 Staves
 + Level 16.3(18.8) Slings
 + Level 16.3(18.8) Bows
 + Level 16.3(18.8) Crossbows
 + Level 16.3(18.8) Throwing
 + Level 16.3(20.2) Armour
 + Level 18.1(23.0) Dodging
 + Level 16.7(21.8) Stealth
 + Level 16.3(20.2) Shields
 + Level 16.3 Unarmed Combat
 + Level 16.9(21.9) Spellcasting
 + Level 14.2(16.8) Conjurations
 + Level 14.1(16.7) Hexes
 + Level 14.1(19.4) Summonings
 + Level 14.1(19.4) Necromancy
 + Level 14.1(16.7) Translocations
 + Level 14.1(16.7) Transmutations
 + Level 14.1(20.5) Fire Magic
 + Level 14.1(20.5) Ice Magic
 + Level 14.9(21.3) Air Magic
 + Level 14.1(20.5) Earth Magic
 + Level 14.1(16.7) Poison Magic
 + Level 17.6 Invocations
 + Level 16.3(20.2) Evocations


You had 10 spell levels left.
You knew the following spells:

 Your Spells              Type           Power      Damage    Failure   Level
a - Airstrike             Air            57%        N/A       0%          4
b - Chain Lightning       Conj/Air       54%        N/A       4%          8
c - Summon Mana Viper     Hex/Summ       85%        N/A       1%          5
d - Absolute Zero         Ice            45%        ∞         34%         9
e - Statue Form           Tmut/Erth      57%        N/A       1%          6
f - Ignition              Fire           45%        3d13      2%          8
g - Tornado               Air            57%        N/A       26%         9
i - Lehudib's Crystal Sp  Conj/Erth      43%        10d10     4%          8

Your spell library contained the following spells:

 Spells                   Type           Power      Damage    Failure   Level
 Animate Skeleton         Necr           100%       N/A       0%          1
 Apportation              Tloc           100%       N/A       0%          1
 Beastly Appendage        Tmut           100%       N/A       0%          1
 Corona                   Hex            91%        N/A       0%          1
 Foxfire                  Conj/Fire      100%       2x1d9     0%          1
 Magic Dart               Conj           100%       1d8       0%          1
 Shock                    Conj/Air       100%       1d9       0%          1
 Sting                    Tmut/Pois      100%       1d8       0%          1
 Summon Small Mammal      Summ           100%       N/A       0%          1
 Passwall                 Tmut/Erth      71%        N/A       0%          2
 Poisonous Vapours        Pois/Air       100%       N/A       0%          2
 Searing Ray              Conj           100%       3d7       0%          2
 Swiftness                Air            100%       N/A       0%          2
 Wereblood                Tmut           82%        N/A       0%          2
 Conjure Flame            Conj/Fire      86%        6-21      0%          3
 Dazzling Flash           Conj/Hex       100%       N/A       0%          3
 Ignite Poison            Fire/Tmut/Pois 85%        N/A       0%          3
 Inner Flame              Hex/Fire       86%        N/A       0%          3
 Lesser Beckoning         Tloc           41%        N/A       0%          3
 Mephitic Cloud           Conj/Pois/Air  100%       N/A       0%          3
 Spider Form              Tmut/Pois      41%        N/A       0%          3
 Static Discharge         Conj/Air       100%       N/A       0%          3
 Tukima's Dance           Hex            82%        N/A       0%          3
 Animate Armour           Summ/Erth      100%       N/A       0%          4
 Cause Fear               Hex            41%        N/A       0%          4
 Fulminant Prism          Conj/Hex       41%        3d20      0%          4
 Ice Form                 Ice/Tmut       86%        N/A       0%          4
 Iskenderun's Mystic Bla  Conj/Tloc      82%        2d16      0%          4
 Olgreb's Toxic Radiance  Pois           82%        N/A       0%          4
 Sticky Flame             Conj/Fire      86%        2d10      0%          4
 Summon Lightning Spire   Summ/Air       100%       N/A       0%          4
 Bolt of Magma            Conj/Fire/Erth 43%        4d18      0%          5
 Borgnjor's Vile Clutch   Necr/Erth      44%        N/A       0%          5
 Alistair's Intoxication  Tmut/Pois      54%        N/A       1%          5
 Blade Hands              Tmut           41%        N/A       1%          5
 Fireball                 Conj/Fire      43%        3d17      1%          5
 Irradiate                Conj/Tmut      41%        3d27      1%          5
 Iskenderun's Battlesphe  Conj           82%        2d13      1%          5
 Lightning Bolt           Conj/Air       54%        1d76      1%          5
 Silence                  Hex/Air        54%        N/A       1%          5
 Summon Forest            Summ/Tloc      42%        N/A       1%          5
 Yara's Violent Unravell  Hex/Tmut       41%        3d16      1%          5
 Conjure Ball Lightning   Conj/Air       54%        3x3d20    1%          6
 Hydra Form               Tmut           41%        N/A       1%          6
 Invisibility             Hex            82%        N/A       1%          6
 Iron Shot                Conj/Erth      43%        9d8       1%          6
 Shadow Creatures         Summ           N/A        N/A       1%          6
 Starburst                Conj/Fire      43%        8x6d12    1%          6
 Dragon Form              Tmut           41%        N/A       1%          7
 Haunt                    Necr/Summ      44%        N/A       1%          7
 Malign Gateway           Summ/Tloc      42%        N/A       1%          7
 Monstrous Menagerie      Summ           44%        N/A       1%          7
 Orb of Destruction       Conj           41%        9d14      1%          7
 Spellforged Servitor     Conj/Summ      42%        N/A       1%          7
 Summon Hydra             Summ           44%        N/A       1%          7
 Summon Horrible Things   Summ           44%        N/A       3%          8
 Discord                  Hex            41%        N/A       11%         8
 Shatter                  Erth           45%        3d35*     34%         9
 Fire Storm               Conj/Fire      43%        8d11      58%         9


Dungeon Overview and Level Annotations

Branches:
Dungeon (15/15)            Temple (1/1) D:5            Lair (6/6) D:9
 Shoals (4/4) Lair:2        Snake (4/4) Lair:2        Slime (0/5) Lair:5
    Orc (2/2) D:10            Elf (0/3) Orc:2        Vaults (5/5) D:14
  Crypt (0/3) Vaults:3     Depths (5/5) D:15            Zot (1/5) Depths:5
  Sewer (visited)

Altars:
Ashenzari
Cheibriados
Dithmenos
Elyvilon
Fedhas
Gozag
Hepliaklqana
Kikubaaqudgha
Makhleb
Nemelex Xobeh
Okawaru
Qazlal
Ru
Sif Muna
Trog
Uskayaw
Vehumet
Wu Jian
Xom
Yredelemnul
Zin
The Shining One
Beogh

Shops:
D:5 :   Orc:2 :=[!   Shoals:3 *   Depths:3 !

Portals:
Hell: Depths:1 Depths:2 Depths:3 Depths:4 Depths:5
Abyss: Depths:4
Pandemonium: Depths:3 Depths:5
Ziggurat: Depths:3
Trove: D:13 (give +3 shadow dragon scales)

Annotations:
D:12 2 transporters


Innate Abilities, Weirdness & Mutations

You have very sharp teeth.
Your uncanny sense of smell can sniff out nearby items.
Your experience applies equally to all skills.
Your magical capacity is low. (-10% MP)


Message History

* * * LOW HITPOINT WARNING * * *
* * * LOW MAGIC WARNING * * *
The death cob hits you!
* * * LOW HITPOINT WARNING * * *
The death cob drains your vigour!
You feel as though you will be slow longer.
The death cob completely misses you. The black draconian misses you.
The death cob completely misses you.
The black draconian hits you but does no damage.
The death cob hits you!!
* * * LOW HITPOINT WARNING * * *
The death cob drains your vigour!
You feel as though you will be slow longer.
Unknown command.
Unknown command.
Unknown command.
Unknown command.
Unknown command.
You are confused.
You feel invigorated. The death cob completely misses you.
The death cob hits you!!
* * * LOW HITPOINT WARNING * * *
The death cob drains your vigour!
You feel as though you will be slow longer.
The death cob hits you.
* * * LOW HITPOINT WARNING * * *
The death cob drains your vigour!
You feel as though you will be slow longer.
The black draconian hits you with a +4 scimitar!
* * * LOW HITPOINT WARNING * * *
The death cob completely misses you. The death cob completely misses you. x2
The black draconian breathes lightning at you.
The bolt of lightning hits you! You resist.
* * * LOW HITPOINT WARNING * * *
The bolt of lightning misses you.
The bolt of lightning hits the black draconian.
The black draconian completely resists.
The death cob closely misses you.
The black draconian hits you with a +4 scimitar!
You die...

≈.....#..#......8...#..#......)#.
≈......##.##.......#.##.##...)..#
≈........#..#.......#..#..#......
≈........#..######..#..#...#.....
≈.......#.###....##.###...##.....
.........#........#..#...........
............#####'#..#...≈≈≈≈.≈≈.
.......(...##.'..z#..#.....≈≈.≈≈.
........⌠..#..#.@d#..#..♣.....≈..
....≈≈.....#..#...'.##.....≈≈≈≈..
....≈≈≈≈...#..#'#####....≈.≈≈≈...
....≈≈≈≈...#..#........#.≈.......
.....≈≈...###.##....###.#..###...
≈≈≈≈.....#..#..######..#....#....
≈≈≈...#..#..#.......#..#...######
.......##.##.#.......##.##.####..
...#.....#..#...8......#..#.###..


You could see a black draconian (catching breath) and a death cob.

Vanquished Creatures
  An ancient lich (Vaults:4)
  A juggernaut (Depths:2)
  Sojobo (Depths:2)
  Margery (Depths:3)
  2 caustic shrikes
  6 golden dragons
  A bone dragon (Depths:5)
  5 tentacled monstrosities
  5 liches
  4 titans
  2 quicksilver dragons
  A death cob (Zot:1)
  5 sphinxes
  7 tengu reavers
  7 shadow dragons
  3 storm dragons
  Donald (Vaults:2)
  Roxanne (D:14)
  A daeva (Depths:3)
  A draconian monk (Depths:5)
  4 iron dragons
  A balrug (Depths:5)
  13 vault wardens
  3 deep elf sorcerers
  8 fire giants
  10 frost giants
  Aizul (Snake:4)
  A deep elf elementalist (Vaults:5)
  3 war gargoyles
  17 ironbound preservers
  20 stone giants
  2 spriggan defenders
  23 very ugly things
  A green draconian (Depths:5)
  A deep elf demonologist (Vaults:5)
  A stone giant (shapeshifter) (Depths:4)
  Azrael (D:12)
  3 purple draconians (Depths:5)
  A vampire knight (Depths:2)
  An entropy weaver (Vaults:2)
  4 deep elf annihilators (Vaults:1)
  2 red draconians (Depths:5)
  4 spark wasps (Depths:2)
  3 yellow draconians
  10 ettins
  2 deep elf death magi
  14 fire dragons
  4 merfolk javelineers (Shoals:4)
  2 deep elf high priests (Vaults:5)
  8 great orbs of eyes
  8 yaktaur captains
  3 jiangshi (Depths:1)
  13 merfolk impalers
  30 vault guards
  8 ice dragons
  Harold (D:8)
  10 hydras
  10 rakshasas
  11 centaur warriors
  8 boulder beetles
  A merfolk avatar (Shoals:1)
  7 spriggan air magi
  11 ogre magi
  Erolcha (Orc:2)
  32 two-headed ogres
  A catoblepas (Lair:6)
  11 naga warriors
  2 alligator snapping turtles
  7 anacondas
  2 dancing weapons (D:14)
  6 merfolk aquamancers
  A death knight (Vaults:2)
  15 deep troll shamans
  2 satyrs (Shoals:4)
  9 death yaks
  4 tengu warriors
  A vampire mage (Depths:1)
  6 naga sharpshooters
  An orc high priest (Orc:2)
  4 shock serpents
  7 spriggan berserkers
  7 deep troll earth magi
  2 soul eaters
  A storm dragon zombie (Vaults:4)
  23 hell knights
  3 salamander mystics
  5 deep elf knights
  3 skeletal warriors (D:15)
  3 iron trolls
  A death drake (shapeshifter) (Vaults:5)
  A sixfirhy (Depths:5)
  35 deep trolls
  A torturous demonspawn (Depths:5)
  8 sea snakes
  3 flayed ghosts
  5 naga ritualists
  A tengu zombie (Vaults:4)
  4 glowing orange brains
  16 ironbound convokers
  6 wizards
  5 phantasmal warriors
  A lindwurm (Lair:6)
  Pikel (D:4)
  3 deep elf archers
  24 harpies
  18 necromancers
  A shadow dragon zombie (Depths:3)
  6 deep elf pyromancers
  14 orc knights
  6 deep elf zephyrmancers
  9 mana vipers
  3 oklob plants
  12 orc sorcerers
  25 manticores
  52 ugly things
  4 wolf spiders
  5 salamanders
  A stone giant zombie (Vaults:4)
  A fire giant zombie (Vaults:1)
  12 fauns
  A stone giant skeleton (Vaults:4)
  9 cyclopes
  12 merfolk sirens
  An orc zombie (Vaults:1)
  7 guardian serpents
  A guardian serpent (shapeshifter) (Vaults:5)
  24 black mambas
  2 centaur zombies
  5 water nymphs
  An eye of devastation (Lair:5)
  12 vault sentinels
  Maurice (Orc:1)
  11 naga magi
  4 molten gargoyles
  A smoke demon (Depths:5)
  An elf skeleton (Depths:3)
  23 cane toads
  An eye of devastation (shapeshifter) (Vaults:1)
  A gargoyle (D:11)
  5 spectral swamp worms (Depths:4)
  A torpor snail (Lair:6)
  3 kobold demonologists (D:11)
  2 rime drakes
  A spark wasp simulacrum (Depths:3)
  A komodo dragon (shapeshifter) (Vaults:5)
  27 yaktaurs
  Psyche (D:9)
  7 freezing wraiths
  8 komodo dragons
  An entropy weaver simulacrum (Vaults:1)
  8 tengu conjurers
  An efreet (D:15)
  4 hellwings (Depths:1)
  6 meliai (D:15)
  A red devil (Depths:1)
  28 merfolk
  3 trolls
  A hornet (shapeshifter) (Vaults:4)
  11 hornets
  8 wind drakes
  Prince Ribbit (D:7)
  26 slime creatures
  17 blink frogs
  A snapping turtle (shapeshifter) (Vaults:5)
  13 snapping turtles
  A raiju (shapeshifter) (Vaults:2)
  14 dream sheep
  An ettin zombie (Vaults:1)
  A vampire (D:13)
  A shadow (D:13)
  A tarantella (shapeshifter) (Vaults:2)
  A spriggan (Depths:3)
  16 water elementals
  Eustachio (D:4)
  6 wraiths
  6 wyverns
  4 basilisks
  48 yaks
  A fire elemental (D:12)
  2 steam dragons (Lair:6)
  11 vampire mosquitoes
  7 wargs
  Menkaure (D:7)
  An acid dragon (Vaults:1)
  34 nagas
  A human skeleton (Vaults:1)
  12 hell hounds
  Duvessa (D:4)
  24 water moccasins
  A floating eye (shapeshifter) (Depths:2)
  A hornet zombie (D:11)
  2 ice beasts
  3 black bears
  37 orc warriors
  4 sky beasts
  2 removed eyes of draining
  2 necrophages
  An ettin simulacrum (Vaults:1)
  A removed eye of draining (shapeshifter) (Vaults:3)
  30 ogres
  5 wolves (Lair:2)
  An orc skeleton (Vaults:1)
  25 centaurs
  2 lemures (D:4)
  A phantom (D:13)
  19 bullfrogs
  6 kobold brigands
  A gnoll sergeant (D:11)
  A glowing shapeshifter simulacrum (Depths:3)
  2 elf simulacra (Vaults:1)
  Dowan (D:4)
  A water moccasin skeleton (D:10)
  A wyvern skeleton (D:15)
  4 scorpions
  20 killer bees
  8 wights
  An oklob sapling (D:13)
  2 electric eels
  3 howler monkeys
  6 crimson imps (Depths:1)
  5 lava snakes (Lair:6)
  A quasit (D:12)
  5 jellies
  8 hounds
  4 centaur skeletons
  18 orc priests
  3 bullfrog skeletons
  5 iguanas
  29 orc wizards
  Natasha (thrice) (D:3)
  8 worker ants
  A hound zombie (D:8)
  A hound skeleton (D:11)
  4 worker ant zombies
  16 gnolls
  34 adders
  3 river rats (Sewer)
  3 shadow imps
  4 white imps
  An ufetubus (D:5)
  An adder zombie (D:7)
  An adder skeleton (D:6)
  3 worms
  4 dart slugs
  5 leopard geckos
  89 orcs
  5 giant cockroaches
  5 hobgoblins
  12 jackals
  A quokka (D:5)
  12 ball pythons
  10 bats
  5 frilled lizards
  3 goblins
  21 kobolds
  A leopard gecko skeleton (D:4)
  3 rats
  2 blocks of ice
1821 creatures vanquished.

Vanquished Creatures (collateral kills)
  An ancient lich (Vaults:4)
  Bai Suzhen (Vaults:3)
  Xtahua (Vaults:3)
  Jorgrun (Snake:1)
  Asterion (Snake:4)
  A lich (Vaults:4)
  3 nagarajas (Snake:4)
  Ilsuiw (Shoals:2)
  A storm dragon (Vaults:4)
  A vault warden (Vaults:3)
  An ironbound preserver (Vaults:3)
  A crystal guardian (Vaults:3)
  The ghost of sraybest the Grappler, a journeyman TrFi (D:10)
  7 naga warriors (Snake:4)
  3 anacondas (Snake:4)
  The ghost of indyram44 the Carver, a novice DsGl of Okawaru (D:10)
  3 naga sharpshooters (Snake:4)
  A shock serpent (Snake:4)
  A sea snake (Shoals:2)
  5 naga ritualists (Snake:4)
  3 guardian serpents (Snake:4)
  2 black mambas (Snake:4)
  2 naga magi (Snake:4)
  A yaktaur (Vaults:3)
  21 nagas (Snake:4)
65 creatures vanquished.

Vanquished Creatures (others)
  An orc wizard (Orc:2)
  21 ball lightnings
  27 blocks of ice
  42 fungi
  121 plants
212 creatures vanquished.

Grand Total: 2098 creatures vanquished

Notes
Turn   | Place    | Note
-------+----------+-------------------------------------------
     0 | D:1      | lunkers the Gnoll Air Elementalist began the quest for the
                  | Orb.
     0 | D:1      | Reached XP level 1. HP: 13/13 MP: 6/6
   128 | D:1      | You fall into a shaft and drop 1 floor!
   159 | D:2      | Reached XP level 2. HP: 19/19 MP: 2/7
   428 | D:2      | Reached XP level 3. HP: 25/25 MP: 1/9
   504 | D:1      | Reached skill level 5 in Spellcasting
   906 | D:1      | Reached skill level 1 in Invocations
  1525 | D:2      | Reached skill level 1 in Fighting
  1525 | D:2      | Reached skill level 1 in Short Blades
  1525 | D:2      | Reached skill level 1 in Long Blades
  1525 | D:2      | Reached skill level 1 in Axes
  1525 | D:2      | Reached skill level 1 in Maces & Flails
  1525 | D:2      | Reached skill level 1 in Polearms
  1525 | D:2      | Reached skill level 1 in Staves
  1525 | D:2      | Reached skill level 1 in Slings
  1525 | D:2      | Reached skill level 1 in Bows
  1525 | D:2      | Reached skill level 1 in Crossbows
  1525 | D:2      | Reached skill level 1 in Throwing
  1525 | D:2      | Reached skill level 1 in Armour
  1525 | D:2      | Reached skill level 1 in Shields
  1525 | D:2      | Reached skill level 1 in Unarmed Combat
  1525 | D:2      | Reached skill level 1 in Evocations
  1610 | D:2      | Found a burning altar of Makhleb.
  1620 | D:2      | Reached XP level 4. HP: 12/32 MP: 3/11
  2010 | D:3      | Found a glowing drain.
  2027 | D:3      | Reached skill level 1 in Hexes
  2027 | D:3      | Reached skill level 1 in Summonings
  2027 | D:3      | Reached skill level 1 in Necromancy
  2027 | D:3      | Reached skill level 1 in Translocations
  2027 | D:3      | Reached skill level 1 in Transmutations
  2027 | D:3      | Reached skill level 1 in Fire Magic
  2027 | D:3      | Reached skill level 1 in Ice Magic
  2027 | D:3      | Reached skill level 1 in Earth Magic
  2027 | D:3      | Reached skill level 1 in Poison Magic
  2028 | Sewer    | Entered a sewer
  2047 | Sewer    | Reached XP level 5. HP: 20/37 MP: 4/12
  2242 | Sewer    | Noticed a kobold brigand
  2280 | Sewer    | Killed a kobold brigand
  2529 | Sewer    | Found a glowing silver altar of Zin.
  3001 | D:3      | Reached XP level 6. HP: 44/44 MP: 6/13
  3125 | D:3      | Reached skill level 2 in Fighting
  3125 | D:3      | Reached skill level 5 in Dodging
  3742 | D:3      | Learned a level 3 spell: Static Discharge
  3747 | D:3      | Learned a level 4 spell: Airstrike
  4063 | D:3      | Noticed Natasha
  4070 | D:3      | Killed Natasha
  4071 | D:3      | Reached XP level 7. HP: 46/50 MP: 8/15
  4337 | D:3      | Noticed Natasha
  4347 | D:3      | Killed Natasha
  4357 | D:3      | Noticed Natasha
  4363 | D:3      | Killed Natasha
  4616 | D:4      | Noticed Eustachio
  4628 | D:4      | Killed Eustachio
  4996 | D:4      | Noticed Pikel
  5425 | D:4      | Reached skill level 5 in Stealth
  5974 | D:4      | Reached XP level 8. HP: 57/57 MP: 11/16
  6109 | D:4      | Killed Pikel
  6110 | D:4      | Reached skill level 3 in Fighting
  6238 | D:4      | Noticed Dowan
  6239 | D:4      | Noticed Duvessa
  6253 | D:4      | Killed Duvessa
  6256 | D:4      | Killed Dowan
  6485 | D:5      | Entered Level 5 of the Dungeon
  6891 | D:5      | Found Acemy's Book Shop.
  6985 | D:5      | Found a staircase to the Ecumenical Temple.
  7103 | Temple   | Entered the Ecumenical Temple
  7396 | Temple   | Became a worshipper of Ashenzari the Shackled
  7574 | D:6      | Reached XP level 9. HP: 65/65 MP: 1/18
  8117 | D:6      | Reached skill level 4 in Fighting
  9146 | D:7      | Noticed Prince Ribbit
  9325 | D:7      | Killed Prince Ribbit
  9335 | D:7      | Reached skill level 5 in Invocations
  9397 | D:7      | Noticed Menkaure
  9400 | D:7      | Killed Menkaure
  9639 | D:7      | Identified a scroll of acquirement
  9674 | D:7      | Acquired the ring of Happiness {MP+9 Dex+4}
  9968 | D:7      | Reached XP level 10. HP: 46/73 MP: 20/20
 10436 | D:7      | Reached skill level 5 in Fighting
 10436 | D:7      | Reached skill level 5 in Short Blades
 10436 | D:7      | Reached skill level 5 in Long Blades
 10436 | D:7      | Reached skill level 5 in Axes
 10436 | D:7      | Reached skill level 5 in Maces & Flails
 10436 | D:7      | Reached skill level 5 in Polearms
 10436 | D:7      | Reached skill level 5 in Staves
 10436 | D:7      | Reached skill level 5 in Slings
 10436 | D:7      | Reached skill level 5 in Bows
 10436 | D:7      | Reached skill level 5 in Crossbows
 10436 | D:7      | Reached skill level 5 in Throwing
 10436 | D:7      | Reached skill level 5 in Armour
 10436 | D:7      | Reached skill level 5 in Shields
 10436 | D:7      | Reached skill level 5 in Unarmed Combat
 10436 | D:7      | Reached skill level 5 in Evocations
 10491 | D:7      | Reached * piety under Ashenzari
 10534 | D:7      | Identified the +1 flail of Mumn {vorpal, *Corrode Str+5
                  | Stlth+}
 11258 | D:8      | Noticed Harold
 11268 | D:8      | Killed Harold
 11269 | D:8      | Reached skill level 5 in Conjurations
 11287 | D:8      | Upgraded the game from 0.27-a0-489-g24c7b1a3ef to
                  | 0.27-a0-498-g7ecbb0a48f
 11915 | D:8      | Reached ** piety under Ashenzari
 12055 | D:9      | Noticed Psyche
 12059 | D:9      | Killed Psyche
 12403 | D:9      | Noticed a two-headed ogre
 12472 | D:9      | Killed a two-headed ogre
 12473 | D:9      | Reached XP level 11. HP: 58/81 MP: 18/22
 12479 | D:9      | Learned a level 5 spell: Lightning Bolt
 12635 | D:9      | Found a shimmering blue altar of Sif Muna.
 12825 | D:9      | Found a staircase to the Lair.
 13081 | D:10     | Entered Level 10 of the Dungeon
 13102 | D:10     | Reached skill level 6 in Fighting
 13194 | D:10     | Found a staircase to the Orcish Mines.
 13231 | D:10     | Reached skill level 5 in Hexes
 13231 | D:10     | Reached skill level 5 in Summonings
 13231 | D:10     | Reached skill level 5 in Necromancy
 13231 | D:10     | Reached skill level 5 in Translocations
 13231 | D:10     | Reached skill level 5 in Transmutations
 13231 | D:10     | Reached skill level 5 in Fire Magic
 13231 | D:10     | Reached skill level 5 in Ice Magic
 13231 | D:10     | Reached skill level 5 in Earth Magic
 13231 | D:10     | Reached skill level 5 in Poison Magic
 13978 | D:10     | Found a runed translucent gate.
 13978 | D:10     | Found a runed translucent gate.
 13978 | D:10     | Found a runed translucent gate.
 13979 | D:10     | Noticed indyram44's ghost (novice DsGl)
 13980 | D:10     | Noticed sraybest's ghost (journeyman TrFi)
 14035 | D:10     | Found a shadowy altar of Dithmenos.
 14283 | Lair:1   | Entered Level 1 of the Lair of Beasts
 14312 | Lair:1   | Reached *** piety under Ashenzari
 14924 | Lair:1   | Reached **** piety under Ashenzari
 15667 | Lair:2   | Reached XP level 12. HP: 97/97 MP: 21/27
 15832 | Lair:2   | Reached skill level 7 in Fighting
 16278 | Lair:2   | Noticed a six-headed hydra
 16284 | Lair:2   | Killed a six-headed hydra
 16320 | Lair:2   | Noticed a four-headed hydra
 16331 | Lair:2   | Killed a four-headed hydra
 16413 | Lair:2   | Found a staircase to the Snake Pit.
 16737 | Lair:2   | Found a staircase to the Shoals.
 17010 | Lair:3   | Noticed an eight-headed hydra
 17021 | Lair:3   | Killed an eight-headed hydra
 17084 | Lair:3   | Noticed a death yak
 17089 | Lair:3   | Noticed a death yak
 17101 | Lair:3   | Noticed a death yak
 17102 | Lair:3   | Noticed a death yak
 17104 | Lair:3   | Noticed a death yak
 17104 | Lair:3   | Noticed a death yak
 17149 | Lair:2   | Killed a death yak
 17347 | Lair:3   | Reached XP level 13. HP: 104/104 MP: 11/29
 17514 | Lair:2   | Reached skill level 8 in Fighting
 19108 | Lair:4   | Reached ***** piety under Ashenzari
 19750 | Lair:5   | Found a staircase to the Slime Pits.
 20116 | Lair:5   | Reached skill level 10 in Spellcasting
 20471 | Lair:5   | Found a glowing silver altar of Zin.
 20813 | Lair:6   | Entered Level 6 of the Lair of Beasts
 21104 | Lair:6   | Reached XP level 14. HP: 119/119 MP: 29/33
 21110 | Lair:6   | Reached skill level 10 in Dodging
 21371 | Lair:6   | Reached skill level 9 in Fighting
 21660 | Lair:6   | Reached skill level 10 in Stealth
 21920 | Lair:6   | Reached skill level 10 in Invocations
 22775 | Lair:6   | Found a large runed translucent door.
 22776 | Lair:6   | Found a large runed translucent door.
 23067 | Lair:6   | Learned a level 6 spell: Conjure Ball Lightning
 23305 | Orc:1    | Entered Level 1 of the Orcish Mines
 23861 | Orc:2    | Entered Level 2 of the Orcish Mines
 24031 | Orc:2    | Noticed Maurice
 24055 | Orc:2    | Identified the cursed +0 cloak of the Chained Omen {Alch,
                  | Range} (You found it on level 7 of the Dungeon)
 24055 | Orc:2    | Identified the cursed +2 helmet "Chained Together" {Bglg,
                  | Melee} (You found it on level 5 of the Lair of Beasts)
 24055 | Orc:2    | Identified the cursed +1 pair of gloves of Curses and Power
                  | {Self, Elem} (You found it on level 5 of the Lair of
                  | Beasts)
 24061 | Orc:1    | Killed Maurice
 24316 | Orc:2    | Found a staircase to the Elven Halls.
 24462 | Orc:2    | Found Sehae's Antique Armour Shop.
 24504 | Orc:2    | Bought a glowing kite shield for 232 gold pieces
 24609 | Orc:2    | Found a radiant altar of Vehumet.
 24609 | Orc:2    | Noticed Erolcha
 24627 | Orc:2    | Killed Erolcha
 24843 | Orc:2    | Paralysed by an orc sorcerer for 3 turns
 24911 | Orc:2    | Found an ancient bone altar of Kikubaaqudgha.
 24933 | Orc:2    | Found a roughly hewn altar of Beogh.
 25007 | Orc:2    | Found Jeur's Distillery.
 25034 | Orc:2    | Found Rakhouc's Jewellery Boutique.
 25042 | Orc:2    | Found Xeusm's Book Shop.
 25064 | Orc:2    | Bought the ring "Batahogu" {rF+ rN+ MP+9 Dex+2 SInv} for
                  | 652 gold pieces
 25261 | Shoals:1 | Entered Level 1 of the Shoals
 25287 | Shoals:1 | Acquired a book of Summonings
 25531 | Shoals:1 | Reached XP level 15. HP: 129/129 MP: 28/35
 26473 | Shoals:2 | Reached skill level 10 in Air Magic
 26605 | Shoals:2 | Reached skill level 10 in Fighting
 26605 | Shoals:2 | Reached skill level 10 in Short Blades
 26605 | Shoals:2 | Reached skill level 10 in Long Blades
 26605 | Shoals:2 | Reached skill level 10 in Axes
 26605 | Shoals:2 | Reached skill level 10 in Maces & Flails
 26605 | Shoals:2 | Reached skill level 10 in Polearms
 26605 | Shoals:2 | Reached skill level 10 in Staves
 26605 | Shoals:2 | Reached skill level 10 in Slings
 26605 | Shoals:2 | Reached skill level 10 in Bows
 26605 | Shoals:2 | Reached skill level 10 in Crossbows
 26605 | Shoals:2 | Reached skill level 10 in Throwing
 26605 | Shoals:2 | Reached skill level 10 in Armour
 26605 | Shoals:2 | Reached skill level 10 in Shields
 26605 | Shoals:2 | Reached skill level 10 in Unarmed Combat
 26605 | Shoals:2 | Reached skill level 10 in Evocations
 26857 | Shoals:2 | Noticed Ilsuiw
 28262 | Shoals:2 | Learned a level 5 spell: Summon Mana Viper
 28289 | Shoals:2 | Killed Ilsuiw
 30392 | Shoals:3 | Found Viseozot's General Store.
 30398 | Shoals:3 | Reached XP level 16. HP: 134/134 MP: 35/35
 30723 | Shoals:3 | Noticed a kraken
 30959 | Shoals:4 | Entered Level 4 of the Shoals
 32690 | Shoals:4 | Got a barnacled rune of Zot
 33352 | Shoals:4 | Identified the +3 arbalest "Rann" {elec, *Drain *Slow rF+++
                  | Will++}
 33360 | Shoals:4 | Reached skill level 11 in Fighting
 34551 | Snake:1  | Entered Level 1 of the Snake Pit
 35402 | Snake:1  | Reached XP level 17. HP: 143/146 MP: 38/38
 36419 | Snake:1  | Noticed Jorgrun
 36427 | Snake:1  | Killed Jorgrun
 36428 | Snake:1  | Reached skill level 10 in Conjurations
 36469 | Snake:1  | Found a shimmering altar of Xom.
 36943 | Snake:2  | Identified the +9 plate armour of Evuzief {rPois}
 38127 | Snake:3  | Acquired a +0 pair of gloves of dexterity
 39204 | Snake:4  | Entered Level 4 of the Snake Pit
 39915 | Snake:4  | Noticed Aizul
 39935 | Snake:4  | Killed Aizul
 39936 | Snake:4  | Reached skill level 10 in Hexes
 39936 | Snake:4  | Reached skill level 10 in Summonings
 39936 | Snake:4  | Reached skill level 10 in Necromancy
 39936 | Snake:4  | Reached skill level 10 in Translocations
 39936 | Snake:4  | Reached skill level 10 in Transmutations
 39936 | Snake:4  | Reached skill level 10 in Fire Magic
 39936 | Snake:4  | Reached skill level 10 in Ice Magic
 39936 | Snake:4  | Reached skill level 10 in Earth Magic
 39936 | Snake:4  | Reached skill level 10 in Poison Magic
 40417 | Snake:4  | Noticed Asterion
 40432 | Snake:4  | Killed Asterion
 41291 | Snake:3  | Upgraded the game from 0.27-a0-498-g7ecbb0a48f to
                  | 0.27-a0-512-g57cc695410
 41565 | Snake:4  | Learned a level 7 spell: Summon Hydra
 42253 | Snake:4  | Reached XP level 18. HP: 157/161 MP: 35/42
 42998 | Snake:4  | Reached ****** piety under Ashenzari
 43307 | Snake:4  | Got a serpentine rune of Zot
 43561 | Snake:4  | Reached skill level 12 in Fighting
 43727 | Snake:4  | Learned a level 8 spell: Ignition
 43951 | D:10     | Killed sraybest's ghost
 43954 | D:10     | Killed indyram44's ghost
 44020 | D:11     | Identified the +0 leather armour of Purpose {Str+5 Int+3
                  | Dex-2}
 44969 | D:12     | Found a transporter.
 44971 | D:12     | Found a transporter.
 44995 | D:12     | Identified the +9 rapier of Tarath {venom, *Contam rC+
                  | rN++}
 45017 | D:12     | Noticed Azrael
 45026 | D:12     | Killed Azrael
 45699 | D:13     | Found a portal to a secret trove of treasure.
 47405 | D:14     | Found a gate to the Vaults.
 47440 | D:14     | Noticed Roxanne
 47457 | D:14     | Killed Roxanne
 47601 | D:14     | Found an opulent altar of Gozag.
 47923 | Vaults:1 | Entered Level 1 of the Vaults
 48478 | Vaults:1 | Reached skill level 13 in Fighting
 48478 | Vaults:1 | Reached XP level 19. HP: 173/173 MP: 39/44
 49058 | Vaults:1 | Paralysed by a great orb of eyes for 2 turns
 50698 | Vaults:2 | Upgraded the game from 0.27-a0-512-g57cc695410 to
                  | 0.27-a0-522-g46bbb28828
 50775 | Vaults:2 | Reached skill level 14 in Fighting
 51364 | Vaults:2 | Reached XP level 20. HP: 184/184 MP: 46/46
 51725 | Vaults:2 | Noticed Donald
 51730 | Vaults:2 | Killed Donald
 52276 | Vaults:3 | Found a basalt altar of Yredelemnul.
 52279 | Vaults:3 | Found a staircase to the Crypt.
 52286 | Vaults:3 | Found an ancient bone altar of Kikubaaqudgha.
 52396 | Vaults:3 | Paralysed by an ogre mage for 3 turns
 52579 | Vaults:3 | Learned a level 6 spell: Statue Form
 52645 | Vaults:3 | Identified the cursed +0 pair of gloves "Enigmatic
                  | Soothsayer" {Self, Range} (You found it on level 1 of the
                  | Lair of Beasts)
 52645 | Vaults:3 | Identified the cursed +0 pair of boots of Supernal
                  | Understanding {Comp, Self} (You found it on level 2 of the
                  | Snake Pit)
 52645 | Vaults:3 | Identified the cursed +2 robe "At What Cost Knowledge?"
                  | {rC+ rF+, Cun, Bglg} (You took it off an orc sorcerer on
                  | level 2 of the Orcish Mines)
 53149 | Vaults:3 | Noticed Xtahua
 53195 | Vaults:3 | Noticed Bai Suzhen
 53217 | Vaults:3 | Killed Bai Suzhen
 53444 | Vaults:3 | Paralysed by Xtahua for 7 turns
 53447 | Vaults:3 | Killed Xtahua
 54032 | Vaults:3 | Reached skill level 15 in Fighting
 54839 | Vaults:4 | Found a flickering gateway to a bazaar.
 54853 | Bazaar   | Entered a bazaar
 54856 | Bazaar   | Found Veerryad's General Store.
 54873 | Bazaar   | Found Awaimi's Jewellery Boutique.
 54873 | Bazaar   | Found Demyi's Jewellery Boutique.
 54904 | Bazaar   | Found Waena's Armour Boutique.
 54964 | Vaults:4 | Reached XP level 21. HP: 193/193 MP: 45/47
 54974 | Vaults:4 | Learned a level 9 spell: Tornado
 55228 | Vaults:4 | Paralysed by an ogre mage for 3 turns
 55545 | Vaults:4 | Identified the +9 scimitar of Bile {pain, *Drain rElec
                  | Str+4}
 55569 | Vaults:4 | Acquired a book of Annihilations
 55571 | Vaults:4 | Acquired 726 gold pieces
 55602 | Vaults:4 | Learned a level 8 spell: Chain Lightning
 55978 | Vaults:4 | Reached skill level 15 in Invocations
 56637 | Vaults:5 | Entered Level 5 of the Vaults
 56649 | Vaults:5 | Noticed an ancient lich
 56775 | Vaults:4 | Killed an ancient lich
 57140 | Vaults:5 | Reached skill level 16 in Fighting
 57230 | Vaults:5 | Noticed an ancient lich
 58048 | Vaults:5 | Identified the +5 quarterstaff of the Past {vorpal, Stlth+}
 58049 | Vaults:5 | Reached skill level 15 in Spellcasting
 58049 | Vaults:5 | Reached XP level 22. HP: 73/204 MP: 29/49
 58515 | Vaults:4 | Learned a level 8 spell: Lehudib's Crystal Spear
 58532 | Vaults:4 | Killed an ancient lich
 58609 | Vaults:5 | Reached skill level 15 in Dodging
 58973 | Vaults:5 | Noticed a golden dragon
 58979 | Vaults:5 | Killed a golden dragon
 58980 | Vaults:5 | Reached skill level 15 in Stealth
 59131 | Vaults:4 | Learned a level 9 spell: Absolute Zero
 59587 | Vaults:5 | Identified the +6 quarterstaff "Blob" {vorpal, rPois rF+
                  | Stlth+}
 59588 | Vaults:5 | Found the +6 lightning scales {swift rElec}
 60000 | Vaults:5 | Identified the +4 shortbow of Kemy {speed, rElec rF+}
 60003 | Vaults:5 | Noticed a golden dragon
 60004 | Vaults:5 | Identified the +1 triple sword "Umiyptin" {flame, Str-2
                  | Dex+5}
 60062 | Vaults:5 | Identified the Almanac of Earthen Blows and Bruises
 60149 | Vaults:5 | Identified the +0 hand axe of a Gauntlet {vorpal, +Blink
                  | Dex+6 SInv}
 60179 | Vaults:5 | Identified the +6 ring mail of Ythro {*Contam Will++
                  | Regen+}
 60263 | Vaults:5 | Identified the Grimoire of Earth and Moulding
 60309 | Vaults:5 | Reached skill level 17 in Fighting
 60311 | Vaults:5 | Gained mutation: Your magical capacity is low. (-10% MP)
                  | [mutagenic glow]
 60317 | Vaults:5 | Killed a golden dragon
 60659 | Vaults:5 | Got a silver rune of Zot
 60660 | Vaults:5 | Upgraded the game from 0.27-a0-522-g46bbb28828 to
                  | 0.27-a0-562-g0d39f094a4
 61428 | D:15     | Entered Level 15 of the Dungeon
 61929 | D:15     | Found a staircase to the Depths.
 62404 | D:15     | Reached XP level 23. HP: 209/209 MP: 44/44
 62587 | Depths:1 | Entered Level 1 of the Depths
 62644 | Depths:1 | Found a gateway to Hell.
 62677 | Depths:1 | Reached skill level 15 in Short Blades
 62677 | Depths:1 | Reached skill level 15 in Long Blades
 62677 | Depths:1 | Reached skill level 15 in Axes
 62677 | Depths:1 | Reached skill level 15 in Maces & Flails
 62677 | Depths:1 | Reached skill level 15 in Polearms
 62677 | Depths:1 | Reached skill level 15 in Staves
 62677 | Depths:1 | Reached skill level 15 in Slings
 62677 | Depths:1 | Reached skill level 15 in Bows
 62677 | Depths:1 | Reached skill level 15 in Crossbows
 62677 | Depths:1 | Reached skill level 15 in Throwing
 62677 | Depths:1 | Reached skill level 15 in Armour
 62677 | Depths:1 | Reached skill level 15 in Shields
 62677 | Depths:1 | Reached skill level 15 in Unarmed Combat
 62677 | Depths:1 | Reached skill level 15 in Evocations
 62726 | Depths:1 | Found a flickering gateway to a bazaar.
 62769 | Bazaar   | Entered a bazaar
 62774 | Bazaar   | Found Afigiakk's Book Emporium.
 62776 | Bazaar   | Found Tane's Weapon Emporium.
 62829 | Bazaar   | Found Paomomoh's Armour Shoppe.
 62831 | Bazaar   | Found Ese Soumuosch's General Store.
 62870 | Bazaar   | Bought a Grand Grimoire for 1656 gold pieces
 63267 | Depths:1 | Upgraded the game from 0.27-a0-562-g0d39f094a4 to
                  | 0.27-a0-577-ge2a43ba0c9
 63994 | Depths:2 | Identified the +10 short sword of the Madman {vorpal, rC-
                  | Will+++ Str-4 SInv}
 64153 | Depths:2 | Noticed a golden dragon
 64157 | Depths:2 | Noticed a caustic shrike
 64162 | Depths:2 | Killed a golden dragon
 64164 | Depths:2 | Noticed a golden dragon
 64517 | Depths:2 | Killed a caustic shrike
 64631 | Depths:2 | Noticed Sojobo
 64634 | Depths:2 | Killed Sojobo
 64893 | Depths:2 | Paralysed by a vampire knight for 6 turns
 65254 | Depths:2 | Reached skill level 18 in Fighting
 65658 | Depths:2 | Noticed a juggernaut
 65713 | Depths:2 | Identified the +5 scale mail of Eternal Night {-Cast
                  | Rampage rElec Dex+3}
 65982 | Depths:2 | Reached XP level 24. HP: 211/219 MP: 44/44
 66105 | Depths:2 | Killed a juggernaut
 66332 | Depths:3 | Found a gateway to a ziggurat.
 66346 | Depths:3 | Noticed Margery
 66699 | Depths:3 | Killed Margery
 66895 | Depths:3 | Found Ymouqoq's Distillery.
 66899 | Depths:3 | Upgraded the game from 0.27-a0-577-ge2a43ba0c9 to
                  | 0.27-a0-592-g0306a34022
 67209 | Depths:3 | Found a one-way gate leading to the halls of Pandemonium.
 67624 | Depths:3 | Found a glowing golden altar of the Shining One.
 67666 | Depths:4 | Found a one-way gate to the infinite horrors of the Abyss.
 67903 | Depths:4 | Noticed a caustic shrike
 67905 | Depths:4 | Killed a caustic shrike
 68021 | Depths:4 | Identified the +7 hunting sling of Destruction {flame,
                  | *Corrode rF+++ rC- Dex+2}
 68021 | Depths:4 | Identified the ring of Disaster {rF- rN+ Will+ EV+4}
 68724 | Depths:4 | Reached skill level 19 in Fighting
 68724 | Depths:4 | Reached XP level 25. HP: 214/228 MP: 27/45
 69349 | Depths:5 | Entered Level 5 of the Depths
 69765 | Depths:4 | Upgraded the game from 0.27-a0-592-g0306a34022 to
                  | 0.27-a0-650-g8dd3ea4f36
 70146 | Depths:5 | Found a gate to the Realm of Zot.
 70217 | Depths:5 | Found a glowing golden altar of the Shining One.
 71054 | Zot:1    | Entered Level 1 of the Realm of Zot
 71120 | Depths:5 | HP: 11/224 [black draconian/+4 scimitar (11)]
 71121 | Depths:5 | Slain by a black draconian

Illustrated notes

Levels and vault maps discovered:
D:1:      wander_arrival_peaceful_grave, layout_basic
D:2:      layout_rooms, makhleb_blood_cavern_becter
D:3:      layout_basic, cheibrodos_sewer_entry_sluice, serial_curves,
          eino_curves_04, eino_curves_03, saegor_snake_ambush, uniq_natasha
D:4:      layout_cave_pods, uniq_eustachio, uniq_pikel, uniq_duvessa
D:5:      layout_cave_pools, minmay_temple_entry_overgrown, serial_shops, shop,
          minmay_misc_feat_tiny
D:6:      layout_cave_pods
D:7:      layout_basic, uniq_menkaure, uniq_prince_ribbit1
D:8:      layout_basic, uniq_harold
D:9:      layout_loops_ring, lair_entry_dummy, basic_altar, uniq_psyche
D:10:     layout_basic, orc_0_dummy, gammafunk_ghost_cemetery,
          nicolae_dithmenos_the_darkroom
D:11:     layout_rooms
D:12:     gammafunk_corrupted_shrine, layout_loops_cross, serial_park_tiny_2,
          uniq_azrael
D:13:     layout_roguey, nicolae_trove_entry_crossroad, introduction_to_nature_1
D:14:     layout_irregular_city, erik_vaults_1, serial_bayou_shore_a,
          grunt_gozag_breadcrumbs, uniq_roxanne
D:15:     grunt_enter_depths_giant_problem, layout_loops_corners,
          roderic_roman_lattice
Temple:   nicolae_temple_the_god_donut
Lair:1:   layout_concentric_octagons, grunt_megastairs_4
Lair:2:   layout_gridlike, elwin_shoals_entry_rooms,
          minmay_snake_entry_six_corridors, beast_lair_carwin_6
Lair:3:   layout_chaotic_city, minmay_lair_oklob_chamber,
          infiniplex_staircase_pool_2, grunt_megastairs_1
Lair:4:   layout_gridlike
Lair:5:   layout_cave_pods, minmay_slime_entry_eyes, basic_altar,
          serial_bayou_shore_b, grunt_megastairs_2, infiniplex_staircase_pool
Lair:6:   cheibrodos_lair_end_hotspot, layout_regular_city, serial_bayou_pond_e
Shoals:1: cheibrodos_shoals_baths, layout_shoals
Shoals:2: layout_shoals, portal_ice_cave_entry_dragon, uniq_ilsuiw
Shoals:3: layout_shoals, serial_shops, shop_fountains
Shoals:4: shoals_end_grunt_ice, layout_shoals
Snake:1:  skrybe_snakes_to_sticks, layout_onion_interference, uniq_jorgrun
Snake:2:  layout_misc_corridors
Snake:3:  layout_gridlike
Snake:4:  johnstein_snake_rune_scales, layout_cave_town,
          hangedman_corner_corridor, uniq_asterion, uniq_aizul
Orc:1:    layout_caves, library_closet
Orc:2:    kennysheep_orc_mage_school, layout_caves, uniq_maurice
Vaults:1: v_pattern_4, grunt_vaults_hallway_long,
          nicolae_vaults_windows_and_doors_thing, hangedman_vaults_corner,
          vaults_room_semicircle, nicolae_vaults_little_squares_6,
          ontoclasm_vaults_loading_screen, hangedman_vaults_pinch,
          vaults_room_stairs_pillars, v_rooms_2, ontoclasm_vaults_twist,
          nicolae_vaults_theta, ontoclasm_vaults_fault, ontoclasm_vaults_chip,
          layout_vaults_omnicross
Vaults:2: vaults_room_pools, grunt_vaults_funnel, v_misc_33, v_alt_pattern_2,
          v_misc_25, v_alt_pattern_4, ontoclasm_vaults_hangar,
          hangedman_vaults_trim, vaults_mumra_chevron,
          nicolae_vaults_twisting_passages, grunt_vaults_bifocal,
          layout_vaults_maze_snakey, uniq_donald
Vaults:3: ontoclasm_vaults_spin, minmay_crypt_entry_necro_gods,
          hangedman_vaults_nails, ontoclasm_vaults_loading_screen,
          vaults_room_stairs_pillars, ontoclasm_vaults_loading_screen,
          vaults_room_corners, nicolae_vaults_asterisk, vaults_room_semicircle,
          ontoclasm_vaults_claustrophobia, v_alt_pattern_6,
          ontoclasm_vaults_tryst, hangedman_vaults_stretched_pinwheel,
          v_rooms_4, nicolae_vaults_theta, hangedman_vaults_trim,
          layout_vaults_omnibox, uniq_xtahua, uniq_bai_suzhen
Vaults:4: vaults_standard_mumra_x, vaults_room_semicircle, v_alt_pattern_1,
          v_misc_29, nicolae_vaults_big_ls, v_pattern_1, v_misc_9,
          nicolae_vaults_little_squares_5, v_misc_24, v_misc_25,
          ontoclasm_vaults_idyll, layout_vaults_quadrants, serial_shops,
          bzr_entry_road
Vaults:5: serial_shops
Depths:1: layout_gridlike, serial_shops, bzr_entry_islet, hellmouth_3,
          small_chamber_with_monster, minivault_22, minivault_11,
          lemuel_flamethrower_1
Depths:2: little_maze_vault, layout_cave_pools, hell_entry,
          minmay_misc_feat_nine_boxes, st_stairs_13, kennysheep_pointless_box,
          uniq_sojobo
Depths:3: abrahamwl_protected_by_tso_3, layout_long_grid, enter_ziggurat_b,
          pan_entry, hell_entry, minmay_staircase_statues, minmay_shop_star,
          uniq_margery
Depths:4: minmay_the_grid_triangle_9x9_recursive_2
          [minmay_the_grid_triangle_9x9_prize_center,
          minmay_the_grid_triangle_9x9_odd_lines,
          minmay_the_grid_triangle_9x9_sprig,
          minmay_the_grid_triangle_9x9_cache], layout_cave_shapes, abyss_entry,
          minmay_misc_feat_rows, pf_hell_entry_tar_river,
          infiniplex_staircase_diamond, serial_bayou_shore_b
Depths:5: grunt_twist_and_shout, layout_cave_pools, tso_metal_star,
          rand_demon_pan_entry_3, pf_coc_iceberg, minmay_misc_feat_chi,
          st_stairs_10
Zot:1:    nicolae_moth_party, layout_concentric_octagons

Skill      XL: |  1  2  3  4  5  6  7  8  9 10 11 12 13 14 15 16 17 18 19 20 21 22 23 24 25 |
---------------+----------------------------------------------------------------------------+-----
Conjurations   | 2 3 4 5 6 7 8 9 10 11 12 13 14 | 14.2
Spellcasting   | 5 6 7 8 9 10 11 12 13 14 15 16 | 16.9
Invocations    | 1 2 3 4 5 6 7 8 9 10 11 12 13 14 15 16 17 | 17.6
Fighting       | 1 2 3 4 5 6 7 8 9 10 11 13 14 15 16 17 18 19 | 19.4
Short Blades   | 1 2 3 4 5 6 7 8 9 10 11 12 13 14 15 16 | 16.3
Long Blades    | 1 2 3 4 5 6 7 8 9 10 11 12 13 14 15 16 | 16.3
Axes           | 1 2 3 4 5 6 7 8 9 10 11 12 13 14 15 16 | 16.3
Maces & Flails | 1 2 3 4 5 6 7 8 9 10 11 12 13 14 15 16 | 16.3
Polearms       | 1 2 3 4 5 6 7 8 9 10 11 12 13 14 15 16 | 16.3
Staves         | 1 2 3 4 5 6 7 8 9 10 11 12 13 14 15 16 | 16.3
Slings         | 1 2 3 4 5 6 7 8 9 10 11 12 13 14 15 16 | 16.3
Bows           | 1 2 3 4 5 6 7 8 9 10 11 12 13 14 15 16 | 16.3
Crossbows      | 1 2 3 4 5 6 7 8 9 10 11 12 13 14 15 16 | 16.3
Throwing       | 1 2 3 4 5 6 7 8 9 10 11 12 13 14 15 16 | 16.3
Armour         | 1 2 3 4 5 6 7 8 9 10 11 12 13 14 15 16 | 16.3
Shields        | 1 2 3 4 5 6 7 8 9 10 11 12 13 14 15 16 | 16.3
Unarmed Combat | 1 2 3 4 5 6 7 8 9 10 11 12 13 14 15 16 | 16.3
Evocations     | 1 2 3 4 5 6 7 8 9 10 11 12 13 14 15 16 | 16.3
Hexes          | 1 2 3 4 5 6 7 8 9 10 11 12 13 14 | 14.1
Summonings     | 1 2 3 4 5 6 7 8 9 10 11 12 13 14 | 14.1
Necromancy     | 1 2 3 4 5 6 7 8 9 10 11 12 13 14 | 14.1
Translocations | 1 2 3 4 5 6 7 8 9 10 11 12 13 14 | 14.1
Transmutations | 1 2 3 4 5 6 7 8 9 10 11 12 13 14 | 14.1
Fire Magic     | 1 2 3 4 5 6 7 8 9 10 11 12 13 14 | 14.1
Ice Magic      | 1 2 3 4 5 6 7 8 9 10 11 12 13 14 | 14.1
Earth Magic    | 1 2 3 4 5 6 7 8 9 10 11 12 13 14 | 14.1
Poison Magic   | 1 2 3 4 5 6 7 8 9 10 11 12 13 14 | 14.1
Dodging        | 5 6 7 8 9 10 11 12 13 14 15 16 17 18 | 18.1
Stealth        | 5 6 7 8 9 10 11 12 13 14 15 16 | 16.7
Air Magic      | 6 7 8 9 10 11 12 13 14 | 14.9

Action                   |  1- 3 |  4- 6 |  7- 9 | 10-12 | 13-15 | 16-18 | 19-21 | 22-24 | 25-27 || total
-------------------------+-------+-------+-------+-------+-------+-------+-------+-------+-------++-------
Melee: Dagger            |     2 |     9 |    26 |       |       |       |       |       |       ||    37
       Bite              |       |       |     4 |     5 |     3 |    17 |    20 |    45 |     1 ||    95
       Short sword       |       |       |    13 |       |       |       |       |       |       ||    13
       Scimitar          |       |       |    16 |    15 |       |       |       |       |       ||    31
       Punch             |       |       |       |     2 |       |       |       |       |       ||     2
       Staff             |       |       |       |    35 |    15 |   147 |   177 |   286 |    19 ||   679
 Cast: Shock             |    66 |   134 |    92 |     1 |       |       |       |       |       ||   293
       Airstrike         |       |       |    98 |   329 |   767 |   945 |   310 |   163 |    40 ||  2652
       Static Discharge  |       |       |       |     7 |    20 |       |       |       |       ||    27
       Lightning Bolt    |       |       |       |     4 |     8 |    12 |     3 |       |       ||    27
       Conjure Ball Ligh |       |       |       |       |    10 |       |       |       |       ||    10
       Summon Mana Viper |       |       |       |       |     4 |    33 |     8 |     5 |       ||    50
       Summon Hydra      |       |       |       |       |       |    61 |    24 |     2 |       ||    87
       Ignition          |       |       |       |       |       |    39 |   128 |    18 |       ||   185
       Statue Form       |       |       |       |       |       |       |     2 |       |       ||     2
       Chain Lightning   |       |       |       |       |       |       |    49 |   174 |    51 ||   274
       Lehudib's Crystal |       |       |       |       |       |       |       |     9 |       ||     9
       Absolute Zero     |       |       |       |       |       |       |       |    20 |     9 ||    29
       Tornado           |       |       |       |       |       |       |       |     1 |       ||     1
Invok: Curse Item        |       |       |     1 |     6 |     6 |     9 |       |     2 |       ||    24
       Shatter the Chain |       |       |       |       |     7 |     5 |       |     2 |       ||    14
Evoke: Wand              |       |       |       |     1 |     5 |     5 |       |       |       ||    11
       Phantom mirror    |       |       |       |       |       |       |     1 |       |       ||     1
  Use: Scroll            |       |     1 |     5 |       |     4 |     8 |     4 |     3 |       ||    25
       Potion            |       |       |       |       |       |     1 |       |     1 |     1 ||     3
 Stab: Sleeping          |       |       |     1 |       |       |     3 |     2 |       |       ||     6
       Distracted        |       |       |       |       |       |     6 |     1 |     2 |     1 ||    10
Armor: Robe              |     2 |     3 |    13 |    11 |    32 |    40 |    68 |   115 |    24 ||   308
       Scale mail        |       |       |       |       |    10 |       |       |       |       ||    10
       Skin              |       |       |       |       |     2 |       |       |       |       ||     2
Dodge: Dodged            |    11 |    26 |    73 |    89 |   256 |   338 |   189 |   228 |    53 ||  1263
Block: Kite shield       |       |       |       |    32 |   193 |   381 |   224 |   224 |    33 ||  1087
       Rpst.: Scimitar   |       |       |     5 |    11 |       |       |       |       |       ||    16

Table legend: (Time is in decaauts)
 A = Elapsed time spent in this place.
 B = Non-inter-level travel time spent in this place.
 C = Inter-level travel time spent in this place.
 D = Time resting spent in this place.
 E = Time spent auto-exploring this place.
 F = Levels seen in this place.
 G = Mean time per level.
                   A        B        C        D        E       F      G
               +--------+--------+--------+--------+--------+-----+--------+
         Total |  71493 |  68801 |   2692 |  11215 |  44789 |  46 | 1554.2 |
       Dungeon |  19108 |  18381 |    727 |   1318 |  14423 |  15 | 1273.9 |
        Temple |    316 |    276 |     40 |      0 |    275 |   1 |  316.0 |
          Lair |  10262 |   9664 |    598 |   1228 |   6985 |   6 | 1710.3 |
        Shoals |   9566 |   9360 |    206 |   3246 |   4356 |   4 | 2391.5 |
     Snake Pit |   8157 |   7897 |    260 |   1192 |   5152 |   4 | 2039.2 |
  Orcish Mines |   1842 |   1762 |     80 |    164 |   1265 |   2 |  921.0 |
        Vaults |  13071 |  12621 |    450 |   2427 |   7147 |   5 | 2614.2 |
        Depths |   8294 |   7968 |    326 |   1586 |   4656 |   5 | 1658.8 |
           Zot |     66 |     66 |      0 |      0 |     14 |   1 |   66.0 |
        Bazaar |    211 |    211 |      0 |      0 |     78 |   2 |  105.5 |
         Sewer |    595 |    595 |      0 |     53 |    435 |   1 |  595.0 |
               +--------+--------+--------+--------+--------+-----+--------+

Top non-repeatable levels by time:
Vaults:4: 4516 daAuts
 Snake:4: 4256 daAuts
  Lair:2: 3336 daAuts
Shoals:4: 2941 daAuts
Depths:2: 2515 daAuts
Vaults:3: 2396 daAuts
Shoals:2: 2378 daAuts
  Lair:6: 2322 daAuts
Shoals:1: 2275 daAuts
Vaults:5: 2117 daAuts
Vaults:1: 2096 daAuts
     D:3: 1999 daAuts
     D:4: 1979 daAuts
Shoals:3: 1970 daAuts
Vaults:2: 1944 daAuts
